Neld, lawful female human Valkyrie ------------- G |%)%..%.....| ------..------...-- GG --.....)-| |--.*---- GG |......^.| |.......-- --......-- ---........| -------- --...---...-- ---...-- ----- ------------...--| m ---.......^.(.(....-- m h .I@.---.----------..-- h ... ... .Y.a..--| |-..-- .....h....... .......| |.-..---- ........<............| |.......-- ..h%*..............*.--- --.......| ..%..-------.......h...| |--...-|- .....| |......*|...| |.....|h ----- ------------- ------- Neld the Fighter Experience level: 8 Strength: 18 Dexterity: 15 Constitution: 18 Intelligence: 8 Wisdom: 10 Charisma: 7 Health: 0(88) Energy: 28(28) AC: -3 Gold: 601 Moves: 3832 Your Inventory: Coins $ - 601 gold pieces Weapons a - the blessed rustproof +1 Excalibur (weapon in hand) b - 4 uncursed +0 daggers Q - 9 uncursed [+0 thirsty] darts U - 25 [uncursed +0] darts Armor c - an uncursed +3 small shield (being worn) i - an [uncursed] +0 orcish helm (being worn) w - an [uncursed] +0 dwarvish cloak (being worn) x - an [uncursed] +0 pair of iron shoes (being worn) S - an uncursed +0 dwarvish mithril-coat (being worn) Comestibles e - an uncursed tripe ration g - an uncursed tin [of kobold meat] Z - an [uncursed] food ration Scrolls l - an uncursed unlabeled scroll [of blank paper] B - an uncursed scroll labeled ELBIB YLOH [of enchant armor] V - a [blessed] scroll labeled ELBIB YLOH [of enchant armor] Potions m - an uncursed soapy potion [of gain energy] n - an uncursed dark green potion [of extra healing] o - an uncursed ruby potion [of hallucination] q - an uncursed indigo potion [of fruit juice] r - an uncursed clear potion [of water] u - an uncursed ochre potion [of full healing] G - an uncursed golden potion [of blindness] K - an uncursed black potion [of levitation] Rings N - an uncursed platinum ring [of free action] Wands d - an [uncursed] marble wand [of striking] (1:4) s - an uncursed marble wand [of striking (0:6)] Y - an [uncursed] copper wand [of teleportation (0:4)] Tools I - 8 uncursed [tallow] candles J - an uncursed key [skeleton key] T - an uncursed partly used [wax] candle (lit) W - an [uncursed] towel Spells known in the end: Name Level Category Fail Memory Your skills at the end: Fighting Skills Weapon Skills dagger [Basic / Expert] long sword [Skilled / Expert] Spellcasting Skills Final Attributes: You were piously aligned. Hunger level was 756. Your alignment was 29 / 29. Monster difficulty range was 2 - 10. Level difficulty was 12. You were immune to cold. You were immune to level-drain. You were blinded. You were telepathic. You had automatic searching. You were going to confuse monsters. You were stealthy. You were held by an owlbear. You were fast. Your luck was zero. You are dead. Vanquished creatures: 2 wolves 2 brown puddings 2 dogs a dust vortex a soldier ant a bugbear an imp a rock piercer 2 enormous rats 2 rock moles a yellow light 9 gnome lords 5 gnomish wizards a black naga hatchling a gray ooze 2 giant ants a floating eye 9 dwarves 2 homunculi a kobold shaman 2 rothes 2 giant bats a wererat an iguana 2 coyotes a hobgoblin a giant rat a cave spider 2 brown molds 60 gnomes 2 garter snakes a gecko 2 jackals a kobold 2 goblins 2 sewer rats a grid bug 6 lichens 2 newts 139 creatures vanquished. Voluntary challenges: You used a wielded weapon 148 times. You read items or engraved 2 times. You put on armor 6 times. You never genocided any monsters. You never polymorphed an object. You never changed form. You used no wishes. You never wrote Elbereth's name. You never encountered a bones level. You never used any Sokoban shortcuts. Dungeon overview: The Dungeons of Doom: levels 1 to 5 Level 1 a long staircase Level 2 a scroll shop Level 3 a general store stairs to The Gnomish Mines Level 4 a sink The Gnomish Mines: levels 4 to 12 Level 4 stairs to The Dungeons of Doom Level 6 many shops, a temple, a magic chest, some fountains Level 12 <- You were here History has recorded: On T:1 you entered the Dungeons of Doom to retrieve the Amulet of Yendor! On T:364 you reached level 2 of The Dungeons of Doom. On T:469 you advanced to experience level 2. On T:511 you advanced to experience level 3. On T:637 you reached level 3 of The Dungeons of Doom. On T:764 you advanced to experience level 4. On T:805 you reached level 1 of The Gnomish Mines. On T:823 you advanced to experience level 5. On T:1093 you reached level 2 of The Gnomish Mines. On T:1110 you advanced to experience level 6. On T:1510 you advanced to experience level 7. On T:1996 you reached level 3 of The Gnomish Mines. On T:2292 you reached level 4 of The Dungeons of Doom. On T:2561 you reached level 5 of The Dungeons of Doom. On T:2861 you reached level 4 of The Gnomish Mines. On T:3158 you advanced to experience level 8. On T:3564 you reached level 5 of The Gnomish Mines. On T:3610 you reached level 8 of The Gnomish Mines. On T:3645 you reached level 9 of The Gnomish Mines. Latest messages: It misses. It hits! The giant beetle misses. [HP-15=10] As you pronounce the formula on it, the scroll disappears. This is a charging scroll. Your marble wand vibrates briefly. The owlbear hits! (2x) You are being crushed. It hits! It misses. [HP-6=4] As you pronounce the formula on it, the scroll disappears. Your hands tingle. The owlbear hits! The owlbear misses. You are being crushed. You die... Final status: Farvel Neld the Valkyrie... You died in The Gnomish Mines on dungeon level 12 with 5853 points, and 601 pieces of gold, after 3832 moves. You were level 8 with a maximum of 88 hit points when you died.